 Dungeon Crawl Stone Soup version 0.29-a0-459-g97dee8cd24 (webtiles) character file.

Game seed: 14693556865375154159

905 holysushi the Cutter (level 8, 0/46 (50) HPs)
             Began as an Octopode Gladiator on May 20, 2022.
             Was an Initiate of Gozag.
             Slain by a wight
             ... wielding a +4 halberd
              (18 damage)
             ... on level 6 of the Dungeon.
             The game lasted 00:06:02 (6696 turns).

holysushi the Cutter (Octopode Gladiator)           Turns: 6696, Time: 00:06:03

HP:   0/46 (50)     AC:  2    Str: 13    XL:     8   Next: 8%
MP:   8/8           EV: 16    Int: 10    God:    Gozag
Gold: 100           SH:  0    Dex: 16    Spells: 7/7 levels left

rFire   . . .      SeeInvis .   a - +0 rapier
rCold   . . .      Faith    .   (no shield)
rNeg    . . .      Spirit   .   w - +1 hat
rPois   .          Reflect  .   (no amulet)
rElec   .          Harm     .   i - ring of flight
rCorr   .          Rampage  .   (no ring)
Will    .....                   (no ring)
Stlth   ++........              (no ring)
HPRegen 0.15/turn               (no ring)
MPRegen 0.11/turn               (no ring)
                                (no ring)
                                (no ring)

@: about to teleport, flying, drained
A: almost no armour, amphibious, 8 rings, camouflage 1, gelatinous body 1,
(nimble swimmer 1), tentacles
a: Renounce Religion, Potion Petition, Call Merchant, Bribe Branch


You were on level 6 of the Dungeon.
You worshipped Gozag.
Gozag was aware of your devotion.
You visited 2 branches of the dungeon, and saw 7 of its levels.

You collected 324 gold pieces.
You spent 154 gold pieces at shops.
You paid 70 gold pieces to Gozag.

Inventory:

Hand Weapons
 a - a +0 rapier (weapon)
 x - a +1 dagger of venom
Missiles
 c - 3 throwing nets (quivered)
 d - a javelin
Armour
 b - a +0 hat
 w - a +1 hat (worn)
Jewellery
 i - a ring of flight (left tentacle)
 C - an amulet of reflection
Wands
 r - a wand of polymorph (9)
Scrolls
 e - 3 scrolls of vulnerability
 f - 11 scrolls of identify {unknown}
 g - 2 scrolls of amnesia {unknown}
 h - a scroll of immolation {unknown}
 k - a scroll of teleportation
 l - 2 scrolls of blinking
 p - 2 scrolls of enchant weapon {unknown}
 q - a scroll of magic mapping {unknown}
 y - a scroll of noise {unknown}
 A - a scroll of fear {unknown}
 B - a scroll of silence {unknown}
Potions
 j - 2 potions of resistance {unknown}
 m - a potion of cancellation {unknown}
 n - a potion of heal wounds {unknown}
 o - 2 potions of mutation {unknown}
 s - a potion of degeneration {unknown}
 t - 4 potions of curing
 u - 3 potions of might {unknown}
 v - a potion of attraction {unknown}
 z - a potion of flight {unknown}


   Skills:
 - Level 2.0 Fighting
 + Level 7.5 Short Blades
 - Level 2.0 Throwing
 * Level 6.4 Dodging


You had 7 spell levels left.
You didn't know any spells.
Your spell library contained the following spells:

 Spells                   Type           Power      Damage    Failure   Level
 Ensorcelled Hibernation  Hex/Ice        0%         N/A       50%         2
 Spider Form              Tmut/Pois      0%         N/A       75%         3
 Anguish                  Hex/Necr       0%         N/A       98%         4


Dungeon Overview and Level Annotations

Branches:
Dungeon (6/15)             Temple (1/1) D:5

Altars:
Ashenzari
Cheibriados
Dithmenos
Elyvilon
Fedhas
Gozag
Hepliaklqana
Kikubaaqudgha
Makhleb
Nemelex Xobeh
Okawaru
Qazlal
Ru
Sif Muna
Trog
Uskayaw
Vehumet
Wu Jian
Xom
Yredelemnul
Zin
The Shining One

Shops:
D:4 *!([[   D:5 *


Innate Abilities, Weirdness & Mutations

You cannot wear most types of armour.
You are amphibious.
You can wear up to eight rings at the same time.
Your skin changes colour to match your surroundings (Stealth+).
Your rubbery body absorbs attacks. (AC +1, EV +1)
((You are camouflaged when in or above water. (Stealth+)))
You have tentacles for arms and can constrict up to eight enemies at once.


Message History

You start resting.
HP restored.
You see here a +2 whip of electrocution.
Items here: )) [[.
An orc is nearby!
An orc is nearby!
An orc is nearby!
The orc shouts!
You see here a +0 war axe.
You puncture the orc!
You kill the orc!
You now have 100 gold pieces (gained 11).
Things that are here:
a +2 vorpal long sword; a boomerang; a +0 leather armour A scorpion comes into view.
Things that are here:
5 gold pieces; a +0 mace The wight hits you from afar with a +4 halberd!
You feel drained.
You see here 6 gold pieces.
The wight barely misses you.
You closely miss the wight. Your grab misses the wight. You squeeze the wight!
The wight is moderately damaged.
The wight hits you with a +4 halberd!
You feel drained.
* * * LOW HITPOINT WARNING * * *
You are too injured to fight recklessly!
Unknown command.
The wight closely misses you.
Aiming: Polymorph
Press: ? - help, Shift-Dir - straight line, f - scorpion
Aim: a scorpion (will become a bullfrog, an iguana, or a wolf, chance to affect: 49%)
Okay, then.
Unknown command.
You feel better.
As you read the scroll labelled YGROJEU ODGHOERPH, it crumbles to dust.
You feel strangely unstable.
It was a scroll of teleportation.
The scorpion stings you.
The wight hits you from afar with a +4 halberd!!
You die...
Your body crumbles into a pile of gold.

##########..#...#
................#
##........#
#.....$.$.#
##.)######.#
#...# .. #.#$
#.)##.##.#z# #
#........#s#
#.##.#######@#
#.......# #.#
####.##.# #.# #.#
# #.# #.# #.#
########.# #.#
.........# #.#
##########
#.####### ..#
#.......#


You could see a scorpion and a wight.

Vanquished Creatures
  Eustachio (D:5)
  A black bear (D:6)
  A centaur (D:6)
  A phantom (D:6)
  A bullfrog (D:6)
  2 wights (D:6)
  An orc priest (D:4)
  2 hounds
  A jelly (D:5)
  An iguana (D:5)
  Ijyb (D:3)
  7 adders
  4 worms
  9 dart slugs
  12 orcs
  5 bats
  9 endoplasms
  6 giant cockroaches
  3 goblins
  2 hobgoblins
  2 jackals (D:4)
  3 quokkas
  9 ball pythons
  3 frilled lizards
  8 kobolds
  8 rats
103 creatures vanquished.

Notes
Turn   | Place    | Note
-------+----------+-------------------------------------------
     0 | D:1      | holysushi the Octopode Gladiator began the quest for the
                  | Orb.
     0 | D:1      | Reached XP level 1. HP: 14/14 MP: 1/1
    58 | D:1      | Found a faded altar of an unknown god.
    92 | D:1      | Reached XP level 2. HP: 18/19 MP: 2/2
   461 | D:1      | Reached skill level 4 in Short Blades
   542 | D:1      | Reached XP level 3. HP: 18/24 MP: 3/3
  1843 | D:2      | Reached XP level 4. HP: 21/29 MP: 4/4
  2098 | D:2      | Reached skill level 5 in Short Blades
  2827 | D:3      | Noticed Ijyb
  2836 | D:3      | Killed Ijyb
  2837 | D:3      | Reached XP level 5. HP: 12/34 MP: 5/5
  3662 | D:4      | Found Cynoag's Weapon Shoppe.
  3664 | D:4      | Found Sourr's Antique Armour Shoppe.
  3836 | D:4      | Reached skill level 6 in Short Blades
  4347 | D:4      | Found Kiuveo's Distillery.
  4385 | D:4      | Found Keoner's Armour Shop.
  4393 | D:4      | Bought a +1 hat for 154 gold pieces
  4608 | D:4      | Found Madydocw's Assorted Antiques.
  4629 | D:4      | Reached XP level 6. HP: 2/39 MP: 6/6
  5089 | D:5      | Entered Level 5 of the Dungeon
  5127 | D:5      | Found a sparkling altar of Nemelex Xobeh.
  5332 | D:5      | Found a staircase to the Ecumenical Temple.
  5355 | D:5      | Noticed Eustachio
  5360 | D:5      | Killed Eustachio
  5381 | Temple   | Entered the Ecumenical Temple
  5612 | D:5      | Found Neugear's Fire Supplies.
  5673 | Temple   | Became a worshipper of Gozag Ym Sagoz the Greedy
  5780 | D:5      | Reached XP level 7. HP: 45/45 MP: 7/7
  5982 | D:6      | Reached skill level 5 in Dodging
  6028 | D:6      | Reached skill level 7 in Short Blades
  6463 | D:6      | Reached XP level 8. HP: 23/50 MP: 8/8
  6696 | D:6      | Slain by a wight

Illustrated notes

Levels and vault maps discovered:
D:1:      dpeg_arrival_yet_another_circle, layout_basic,
          dreamdust_ecumenical_altar_angels_and_demons
D:2:      layout_rooms, minmay_curled_crystal
D:3:      layout_basic, uniq_ijyb
D:4:      layout_basic, serial_shops, shop, shop, shop, shop,
          nicolae_shop_hallway_plus
D:5:      layout_gridville, mainiacjoe_overflow_brackets,
          minmay_temple_entry_glass, nicolae_shop_fire_sale
          [nicolae_sub_dead_trees], grunt_ministairs_14, uniq_eustachio
D:6:      layout_basic
Temple:   kilobyte_greek_temple

Skill      XL: |  1  2  3  4  5  6  7 |
---------------+----------------------+-----
Short Blades   | 4 5 6 7 |  7.5
Dodging        | 4 6 |  6.4
Fighting       | |  2.0
Throwing       | |  2.0

Action                   |  1- 3 |  4- 6 |  7- 9 || total
-------------------------+-------+-------+-------++-------
Melee: Rapier            |    76 |   120 |    50 ||   246
       Constrict         |    20 |    28 |     6 ||    54
       Tentacles         |    18 |    25 |    11 ||    54
       Punch             |       |     1 |     1 ||     2
  Use: Potion            |       |     1 |     1 ||     2
       Scroll            |       |       |     3 ||     3
 Stab: Sleeping          |     5 |     6 |     3 ||    14
Armor: Skin              |     5 |     7 |     3 ||    15
Dodge: Dodged            |    41 |    93 |    32 ||   166

Table legend: (Time is in decaauts)
 A = Elapsed time spent in this place.
 B = Non-inter-level travel time spent in this place.
 C = Inter-level travel time spent in this place.
 D = Time resting spent in this place.
 E = Time spent auto-exploring this place.
 F = Levels seen in this place.
 G = Mean time per level.
                   A        B        C        D        E       F      G
               +--------+--------+--------+--------+--------+-----+--------+
         Total |   6677 |   6403 |    274 |   2135 |   3262 |   7 |  953.9 |
       Dungeon |   6411 |   6250 |    161 |   2135 |   3115 |   6 | 1068.5 |
        Temple |    266 |    154 |    112 |      0 |    147 |   1 |  266.0 |
               +--------+--------+--------+--------+--------+-----+--------+

Top non-repeatable levels by time:
     D:1: 1604 daAuts
     D:4: 1492 daAuts
     D:3: 1088 daAuts
     D:2: 895 daAuts
     D:6: 736 daAuts
     D:5: 594 daAuts
  Temple: 266 daAuts
